Map: New Bed of Chaos LE

Players

Mybabyturtle

  • Race: Terran Terran
  • League: Gold

TheMarvGuard

  • Race: Protoss Protoss
  • League: Platinum

luisilva - Winner!

  • Race: Protoss Protoss

Cream - Winner!

  • Race: Terran Terran

VOD

https://1drv.ms/u/c/13060a2f4d8b1a59/IQA2GtZxFAa8SrqF3h2_mXntAbuclXYnc7IygdBCfFlzrKk?e=nj2qde

Description

Time

  • Played on: Sept. 29, 2026, 5:24 p.m.
  • Length: 17:55
Show
View Real Time Build Order
Export as new Build Order

Mybabyturtle Terran 

Build Orders:  

Get SALT Encoding   

  8  0:01  SCV  
  9  0:13  SCV  
  10  0:27  SCV  
  11  0:34  Supply Depot  
  11  0:39  SCV  
  12  0:51  SCV  
  13  0:57  Barracks  
  13  1:04  SCV  
  14  1:16  SCV  
  15  1:35  Command Center  
  15  1:38  SCV  
  16  1:45  Marine  
  17  1:52  Orbital Command  
  17  2:02  Refinery  
  17  2:04  Marine  
  18  2:20  Refinery  
  18  2:23  SCV  
  19  2:35  SCV  
  20  2:40  Marine  
  21  2:53  SCV  
  21  2:57  SCV  
  23  3:07  Factory  
  23  3:17  Marine, Supply Depot  
  25  3:20  SCV  
  25  3:21  Orbital Command  
  25  3:31  Supply Depot  
  25  3:34  SCV  
  26  3:38  Marine  
  27  3:52  Orbital Command, Command Center  
  27  3:55  Factory Tech Lab  
  27  4:08  SCV  
  27  4:09  Refinery  
  28  4:11  Marine  
  29  4:17  Cyclone  
  29  4:20  Armory  
  29  4:22  SCV  
  33  4:27  SCV  
  34  4:39  SCV  
  35  4:55  Factory  
  35  4:56  Factory  
  35  4:57  SCV  
  36  5:07  SCV  
  37  5:09  SCV x2  
  39  5:15  Terran Vehicle And Ship Armor Level 1  
  39  5:21  SCV  
  39  5:26  Refinery  
  40  5:29  Thor  
  46  5:39  Factory Tech Lab x2  
  46  5:42  Supply Depot  
  46  5:43  Supply Depot  
  46  5:52  SCV  
  46  5:55  SCV  
  48  6:01  Thor  
  48  6:02  Thor  
  61  6:04  SCV  
  61  6:08  SCV  
  62  6:20  SCV  
  63  6:31  SCV x2  
  63  6:32  SCV  
  66  6:36  Refinery  
  48  7:07  Thor x2  
  46  7:25  Thor  
  52  7:41  SCV  
  53  7:53  SCV  
  54  8:05  SCV  
  55  8:15  Siege Tank x3  
  64  8:20  Command Center  
  61  8:36  Command Center  
  43  8:59  Thor x2  
  52  9:20  SCV  
  53  9:24  Refinery  
  53  9:32  SCV  
  54  9:44  SCV  
  55  9:50  Command Center  
  55  9:56  SCV  
  55  9:59  Terran Vehicle Weapons Level 1  
  56  10:10  Refinery x2  
  48  10:26  Thor x2  
  45  10:48  Factory  
  45  10:56  Refinery x2  
  43  11:27  SCV  
  44  11:36  Engineering Bay  
  44  11:37  Factory Tech Lab  
  44  11:38  Thor x2  
  44  11:39  SCV  
  57  11:51  SCV  
  58  12:00  Thor  
  64  12:03  SCV  
  66  12:15  SCV  
  58  12:41  SCV  
  59  12:53  SCV  
  60  13:01  SCV  
  60  13:05  SCV, Planetary Fortress  
  62  13:13  SCV  
  62  13:15  Thor  
  62  13:16  Thor  
  62  13:17  SCV  
  76  13:25  SCV  
  77  13:32  Thor  
  83  13:39  Command Center  
  83  13:42  SCV  
  84  13:54  SCV  
  85  14:06  SCV  
  85  14:08  Orbital Command  
  86  14:51  Thor x2  
  98  14:56  SCV  
  98  15:09  SCV  
  99  15:21  SCV  
  100  15:29  Thor  
  100  15:33  SCV  
  77  15:39  Thor x2, Command Center  
  77  15:45  SCV  
  78  15:57  Refinery, SCV  
  78  15:59  Refinery  
  78  16:02  Siege Tank  
  82  16:12  Siege Tank  
  82  16:18  Refinery  
  79  16:54  Refinery  
Show
View Real Time Build Order
Export as new Build Order

TheMarvGuard Protoss 

Build Orders:  

Get SALT Encoding   

  8  0:00  Probe (Chrono Boost)  
  9  0:13  Probe (Chrono Boost)  
  10  0:21  Probe (Chrono Boost)  
  11  0:27  Probe  
  12  0:39  Probe  
  12  0:41  Pylon  
  13  1:07  Probe  
  14  1:13  Pylon  
  14  1:19  Probe (Chrono Boost)  
  15  1:25  Gateway  
  15  1:34  Gateway  
  15  1:35  Gateway  
  15  1:40  Probe  
  16  1:49  Pylon  
  16  1:52  Probe  
  17  2:04  Probe (Chrono Boost)  
  18  2:12  Zealot  
  21  2:16  Probe (Chrono Boost)  
  21  2:19  Cybernetics Core  
  21  2:21  Probe (Chrono Boost)  
  22  2:27  Assimilator x2  
  22  2:31  Probe  
  23  2:43  Probe  
  24  2:50  Zealot  
  26  2:55  Probe  
  27  3:07  Probe  
  27  3:08  Pylon  
  27  3:11  Pylon  
  28  3:16  Zealot (Chrono Boost)  
  28  3:19  Probe  
  33  3:24  Zealot (Chrono Boost)  
  33  3:31  Warp Gate (Chrono Boost)  
  33  3:34  Adept (Chrono Boost)  
  35  3:44  Adept  
  37  4:00  Nexus  
  37  4:03  Pylon  
  37  4:06  Adept  
  39  4:16  Adept  
  31  5:04  Probe  
  36  5:12  Twilight Council  
  36  5:14  Pylon  
  36  5:16  Probe  
  36  5:17  Adept x2 (Chrono Boost)  
  36  5:21  Probe  
  38  5:26  Pylon  
  38  5:28  Probe  
  39  5:30  Pylon  
  39  5:33  Probe, Adept (Chrono Boost)  
  44  5:40  Probe  
  45  5:42  Adept x2 (Chrono Boost)  
  45  5:45  Probe, Forge  
  48  5:52  Probe  
  48  5:56  Adept  
  51  5:57  Probe  
  52  6:04  Probe  
  52  6:09  Assimilator x2, Probe  
  54  6:16  Probe  
  53  6:21  Probe  
  54  6:27  Shield Battery  
  54  6:28  Probe  
  54  6:32  Photon Cannon  
  55  6:34  Photon Cannon  
  55  6:36  Photon Cannon  
  55  7:09  Photon Cannon  
  55  7:12  Photon Cannon  
  55  7:13  Photon Cannon  
  49  7:31  Stalker  
  49  7:35  Stalker x2  
  45  8:05  Probe, Nexus  
  45  8:11  Adept x3  
  51  8:17  Gateway, Probe (Chrono Boost)  
  51  8:19  Gateway  
  52  8:20  Gateway  
  52  8:24  Gateway  
  52  8:25  Pylon  
  52  8:29  Probe (Chrono Boost)  
  53  8:34  Probe (Chrono Boost)  
  54  8:43  Probe  
  55  8:55  Probe  
  50  8:56  Adept x3  
  49  9:17  Stalker x4  
  49  9:18  Stalker  
  50  9:40  Stalker x3  
  50  9:41  Stalker x2  
  56  9:56  Templar Archives  
  56  9:58  Pylon  
  56  9:59  Pylon  
  57  10:00  Pylon, Probe (Chrono Boost)  
  57  10:03  Photon Cannon, Probe (Chrono Boost)  
  58  10:11  Probe (Chrono Boost)  
  58  10:14  Probe (Chrono Boost)  
  58  10:15  Probe (Chrono Boost)  
  58  10:20  Stalker  
  58  10:21  Stalker x3  
  57  10:23  Probe  
  57  10:24  Sentry  
  50  10:48  High Templar  
  50  10:49  High Templar x3  
  54  10:51  Adept  
  54  10:53  Archon  
  54  10:54  Archon  
  56  10:57  Probe  
  56  10:58  Probe  
  58  11:09  Probe  
  58  11:10  Probe  
  60  11:15  High Templar  
  62  11:22  Probe x2  
  54  11:42  High Templar x2  
  54  11:44  Zealot x2  
  60  11:48  Psionic Storm  
  60  11:49  Archon  
  60  11:53  Photon Cannon  
  60  11:55  Probe (Chrono Boost), Photon Cannon, Shield Battery  
  60  11:58  Photon Cannon  
  60  12:00  Probe (Chrono Boost)  
  62  12:05  Probe (Chrono Boost)  
  62  12:09  Probe (Chrono Boost)  
  57  12:17  Zealot  
  57  12:18  Zealot x3  
  57  12:19  Probe  
  48  12:30  Stalker  
  50  12:54  Charge (Chrono Boost)  
  50  13:01  High Templar  
  50  13:02  High Templar x2  
  50  13:04  Zealot x2, Nexus  
  60  13:22  Forge  
  60  13:24  Forge  
  60  13:34  Probe x2  
  62  13:41  Robotics Facility  
  62  13:44  High Templar x2  
  62  13:45  Pylon x2  
  62  13:46  Probe, Zealot x2  
  71  13:51  Zealot  
  73  14:04  Protoss Ground Weapons Level 1, Protoss Ground Armor Level 1  
  73  14:11  Photon Cannon  
  73  14:20  Zealot x2  
  34  14:53  Zealot x4  
  34  14:54  Zealot  
  32  15:16  Zealot x2  
  32  15:17  Zealot x3  
  32  15:54  Immortal  
  36  16:10  High Templar  
  36  16:11  High Templar x4  
  43  16:38  Immortal  
  47  16:44  Adept x5  
  57  17:04  Adept x2  
  57  17:05  Adept x3  
  67  17:21  Archon  
  67  17:22  Archon  
Show
View Real Time Build Order
Export as new Build Order

luisilva Protoss - Winner!

Build Orders:  

Get SALT Encoding   

  8  0:01  Probe (Chrono Boost)  
  9  0:12  Probe (Chrono Boost)  
  10  0:17  Probe  
  11  0:29  Pylon  
  11  0:34  Probe  
  12  0:46  Probe  
  13  0:58  Probe (Chrono Boost)  
  13  1:02  Gateway  
  14  1:11  Probe (Chrono Boost)  
  15  1:17  Probe (Chrono Boost)  
  15  1:18  Assimilator  
  16  1:25  Probe  
  17  1:37  Probe  
  18  1:49  Probe  
  19  2:00  Cybernetics Core  
  19  2:01  Probe  
  20  2:09  Pylon  
  20  2:13  Probe  
  21  2:27  Probe  
  22  2:30  Pylon  
  22  2:39  Probe  
  23  2:56  Nexus  
  23  2:58  Pylon  
  23  3:00  Pylon  
  23  3:03  Gateway  
  23  3:05  Probe  
  24  3:11  Assimilator  
  24  3:17  Probe  
  25  3:20  Warp Gate (Chrono Boost)  
  25  3:21  Stalker  
  27  3:29  Probe  
  28  3:39  Robotics Facility  
  28  3:41  Gateway  
  28  3:47  Probe  
  29  3:50  Stalker  
  31  3:56  Sentry  
  31  3:59  Probe (Chrono Boost)  
  34  4:11  Probe (Chrono Boost)  
  35  4:17  Stalker  
  35  4:18  Probe (Chrono Boost)  
  38  4:26  Immortal  
  38  5:00  Probe (Chrono Boost)  
  38  5:05  Probe (Chrono Boost)  
  40  5:07  Gateway x2  
  40  5:10  Probe (Chrono Boost)  
  40  5:13  Probe (Chrono Boost)  
  42  5:24  Probe  
  43  5:40  Stalker x3  
  49  5:43  Probe (Chrono Boost)  
  49  5:45  Observer  
  49  5:49  Probe (Chrono Boost)  
  52  5:53  Probe (Chrono Boost)  
  52  5:57  Probe (Chrono Boost)  
  54  5:58  Probe (Chrono Boost)  
  54  6:00  Assimilator  
  54  6:03  Assimilator  
  55  6:12  Twilight Council  
  55  6:14  Pylon  
  55  6:22  Stalker x4  
  52  6:59  Stalker x4  
  51  7:02  Zealot  
  45  7:26  Stalker x3  
  51  7:36  Probe (Chrono Boost)  
  51  7:41  Probe (Chrono Boost)  
  51  7:46  Probe (Chrono Boost)  
  51  7:50  Probe (Chrono Boost)  
  53  7:51  Blink (Chrono Boost), Probe (Chrono Boost)  
  52  8:03  Probe (Chrono Boost)  
  54  8:05  Probe (Chrono Boost)  
  54  8:08  Probe (Chrono Boost)  
  56  8:13  Probe (Chrono Boost)  
  56  8:17  Probe (Chrono Boost)  
  56  8:19  Stalker x3  
  63  8:20  Stalker  
  63  8:26  Probe (Chrono Boost)  
  67  8:29  Probe (Chrono Boost)  
  67  8:32  Probe (Chrono Boost)  
  67  8:34  Probe (Chrono Boost)  
  66  8:38  Probe  
  58  8:43  Probe  
  51  8:51  Stalker x2  
  51  8:52  Stalker x3  
  57  9:09  Probe (Chrono Boost)  
  55  9:15  Probe (Chrono Boost)  
  51  9:19  Probe (Chrono Boost)  
  51  9:23  Probe (Chrono Boost)  
  53  9:24  Probe (Chrono Boost)  
  53  9:25  Zealot x2  
  53  9:26  Zealot  
  58  9:33  Probe  
  58  9:36  Charge (Chrono Boost)  
  58  9:37  Sentry x2  
  57  10:00  Stalker x2  
  57  10:01  Stalker x3  
  57  10:03  Probe (Chrono Boost)  
  67  10:08  Probe (Chrono Boost)  
  67  10:12  Probe (Chrono Boost)  
  62  10:16  Probe (Chrono Boost)  
  49  10:52  Zealot x5  
  59  11:07  Immortal (Chrono Boost)  
  59  11:09  Nexus  
  63  11:17  Gateway  
  63  11:19  Gateway  
  63  11:21  Pylon  
  63  11:24  Pylon  
  63  11:25  Zealot x3  
  69  11:39  Immortal  
  71  11:45  Stalker x2  
  75  11:53  Pylon  
  75  11:56  Pylon  
  52  12:31  Stalker x5  
  62  12:41  Probe (Chrono Boost)  
  65  12:46  Probe x2 (Chrono Boost), Assimilator  
  65  12:50  Assimilator  
  66  12:52  Probe (Chrono Boost)  
  66  12:55  Probe x2 (Chrono Boost)  
  66  12:57  Gateway  
  68  12:59  Gateway  
  68  13:06  Templar Archives  
  68  13:08  Nexus  
  68  13:09  Pylon, Probe (Chrono Boost)  
  68  13:11  Pylon  
  71  13:15  Probe x2 (Chrono Boost)  
  71  13:19  Probe (Chrono Boost)  
  72  13:23  Probe (Chrono Boost)  
  72  13:24  Stalker x2  
  77  13:35  Immortal (Chrono Boost)  
  81  13:48  High Templar x4  
  81  13:49  High Templar x3  
  81  13:50  High Templar  
  81  13:53  Archon  
  81  13:54  Archon x3  
  97  14:08  Zealot  
  99  14:10  Observer (Chrono Boost)  
  100  14:22  Observer  
  95  14:54  Zealot  
  95  14:55  Zealot x6  
  95  14:57  High Templar x2  
  95  14:58  Probe (Chrono Boost)  
  117  15:04  Probe x3 (Chrono Boost)  
  118  15:08  Probe (Chrono Boost)  
  118  15:12  Probe (Chrono Boost)  
  107  15:30  Stalker x4  
  107  15:31  Stalker  
  107  15:32  Stalker x2  
  113  15:40  Probe x2  
  113  15:41  Probe x2 (Chrono Boost)  
  111  15:53  Probe (Chrono Boost)  
  115  15:58  Assimilator, Probe x2 (Chrono Boost)  
  115  15:59  Probe (Chrono Boost)  
  115  16:00  Assimilator  
  115  16:01  Immortal  
  119  16:04  High Templar  
  119  16:05  High Templar x4  
  119  16:06  Probe x3 (Chrono Boost)  
  132  16:13  Archon x3  
  130  16:34  High Templar  
  132  16:59  Pylon  
  132  17:01  Pylon  
  132  17:03  Pylon  
  132  17:04  Pylon x3  
  132  17:06  Pylon x2  
  132  17:07  Pylon  
  132  17:11  Probe (Chrono Boost)  
  132  17:13  Probe x3 (Chrono Boost)  
  132  17:22  Probe  
  131  17:23  Probe  
  86  17:39  Zealot  
  86  17:40  Zealot x8  
Show
View Real Time Build Order
Export as new Build Order

Cream Terran - Winner!

Build Orders:  

Get SALT Encoding   

  8  0:01  SCV  
  9  0:13  SCV  
  10  0:25  SCV  
  11  0:37  Supply Depot  
  11  0:38  SCV  
  12  0:50  SCV  
  13  0:59  Barracks  
  13  1:02  SCV  
  14  1:09  Refinery  
  14  1:14  SCV  
  15  1:28  Barracks  
  15  1:31  SCV  
  16  1:47  Orbital Command  
  16  1:52  Barracks Tech Lab  
  16  1:59  Supply Depot  
  16  2:07  Refinery  
  16  2:12  Marine  
  17  2:16  SCV  
  17  2:21  Marine  
  19  2:28  SCV  
  20  2:36  Marine  
  21  2:39  Combat Shield  
  21  2:40  SCV  
  21  2:43  Marine  
  23  2:52  SCV  
  24  3:01  Factory  
  24  3:02  Barracks Tech Lab  
  24  3:04  SCV  
  25  3:15  Supply Depot  
  25  3:19  Marauder  
  27  3:24  Marine  
  28  3:30  SCV  
  29  3:42  Marine  
  29  3:48  Marauder, Starport  
  32  3:58  Concussive Shells  
  32  3:59  Marine  
  33  4:14  Command Center  
  33  4:17  Marauder, Marine  
  36  4:24  Supply Depot  
  36  4:27  Starport Tech Lab  
  35  5:03  SCV  
  36  5:08  Engineering Bay  
  36  5:10  Medivac  
  36  5:13  Factory Tech Lab  
  40  5:14  Marauder  
  40  5:15  SCV, Marine  
  42  5:21  Supply Depot  
  42  5:33  Marine  
  45  5:35  Marauder  
  45  5:37  Supply Depot  
  45  5:38  Terran Infantry Weapons Level 1, Siege Tank  
  45  5:40  Medivac  
  50  5:50  Supply Depot  
  50  5:53  Marauder  
  52  6:10  Medivac  
  55  6:29  Refinery  
  50  6:58  Engineering Bay  
  50  7:00  Banshee  
  41  7:29  Marine x2  
  39  7:31  Planetary Fortress  
  39  7:34  SCV  
  39  7:43  Banshee  
  39  7:46  SCV, Marine  
  39  7:47  Marine  
  39  7:49  Stimpack  
  41  7:58  SCV  
  41  8:04  Marine x2  
  37  8:11  SCV  
  37  8:12  Missile Turret  
  38  8:13  SCV  
  39  8:22  Marine x2  
  39  8:23  SCV  
  39  8:25  SCV  
  39  8:26  Medivac  
  45  8:31  Siege Tank  
  47  8:35  SCV  
  47  8:37  SCV  
  47  8:40  Marine x2  
  50  8:49  SCV  
  51  8:56  Medivac  
  51  8:58  SCV  
  51  9:01  SCV  
  55  9:10  SCV  
  55  9:13  SCV  
  57  9:25  SCV  
  58  9:38  SCV  
  59  9:42  SCV  
  60  9:46  Command Center, Terran Infantry Armor Level 1  
  60  9:47  Siege Tank  
  60  9:50  SCV  
  64  9:54  SCV  
  64  9:59  Marine x2  
  67  10:02  SCV  
  67  10:06  SCV  
  69  10:16  Marine  
  69  10:17  Marine  
  69  10:18  SCV  
  54  10:30  SCV  
  54  10:35  Marine, Marauder  
  55  10:52  Marine  
  55  10:56  Marine, Siege Tank  
  60  10:58  Medivac  
  60  10:59  Armory  
  62  11:04  Barracks  
  62  11:05  Orbital Command  
  62  11:10  Marine  
  63  11:13  Marine  
  64  11:25  SCV  
  65  11:28  Medivac, Marine, Siege Tank  
  65  11:31  Marine  
  72  11:37  SCV  
  73  11:46  Marine  
  74  11:49  Terran Vehicle And Ship Armor Level 1, Marine, SCV  
  74  11:53  Barracks Reactor, Fusion Core  
  76  11:58  Medivac, SCV, Barracks  
  76  12:00  Siege Tank  
  82  12:01  SCV  
  82  12:02  Refinery  
  82  12:04  Marine  
  82  12:05  Refinery  
  82  12:07  Marine  
  85  12:09  Refinery  
  85  12:10  SCV  
  85  12:13  SCV  
  83  12:22  Marine, SCV  
  74  12:25  Marine  
  70  12:34  SCV  
  66  12:39  SCV, Marine  
  66  12:42  Marine x2  
  66  12:43  Marine  
  71  12:45  Barracks Reactor  
  71  12:46  SCV  
  72  12:51  SCV  
  72  12:56  Starport  
  74  12:58  SCV  
  74  13:00  Marine  
  74  13:01  Marine  
  74  13:03  Supply Depot, SCV  
  77  13:06  Terran Infantry Armor Level 2  
  77  13:10  SCV  
  77  13:11  Terran Infantry Weapons Level 2  
  78  13:16  SCV  
  78  13:18  Marine x2  
  81  13:22  SCV  
  81  13:24  Marine x4  
  81  13:25  Supply Depot  
  86  13:28  SCV  
  87  13:34  SCV  
  87  13:35  Starport Tech Lab  
  87  13:36  Marine x2  
  87  13:40  SCV  
  91  13:42  Marine x4  
  91  13:48  Supply Depot  
  95  13:49  Medivac  
  95  13:52  SCV  
  98  14:04  SCV  
  99  14:11  Supply Depot, Battlecruiser  
  99  14:16  SCV  
  106  14:19  Medivac  
  108  14:27  Terran Vehicle And Ship Armor Level 2  
  108  14:28  SCV  
  109  14:39  Marauder x2  
  109  14:40  Marine, SCV  
  109  14:41  Marine x3  
  118  14:49  Medivac  
  120  14:58  Marine  
  120  14:59  Marine x3  
  124  15:00  Marauder  
  124  15:03  Marauder  
  117  15:16  Battlecruiser, Marine  
  117  15:19  Medivac  
  124  15:22  Marauder  
  126  15:45  Barracks Tech Lab  
  126  15:48  Marine  
  127  15:57  Supply Depot  
  127  16:00  Command Center  
  127  16:03  Refinery  
  127  16:16  Supply Depot  
  127  16:18  Marine x3  
  127  16:19  Supply Depot x3, Marauder  
  132  16:36  Marine x3  
  132  16:38  Battlecruiser  
  141  16:40  Marine  
  141  16:41  Supply Depot  
  141  16:43  Supply Depot  
  141  16:45  SCV  
  143  16:48  Battlecruiser  
  143  16:50  Marine  
  150  16:54  Marine x3  
  150  16:57  SCV  
  150  16:58  Marine  
  155  17:05  Supply Depot  
  155  17:07  Supply Depot  
  155  17:08  Marine  
  155  17:09  SCV  
  155  17:12  Marine x3  
  160  17:15  Marine  
  160  17:21  SCV  
  162  17:29  Supply Depot  
  162  17:30  Marine  
  162  17:33  Marine, SCV  
Tags
 
Add a new tag
Caveats
  • Supply blocks, unpowered buildings, or Contaminate may cause inaccurate times.
  • Supply counts are checked every 10 seconds.